General information
- name: BNet
- type: Ladder team game (AT/RT)
- host: Battle.net
- saver: ROTS19
map: HurricaneIsle
- players: 8
- length: 46:45
- speed: Fast
- version: 1.26 W3XP
- replay type: Public
» download(297 KB)
Players
team 1 (winner)

»
FlintPINstitch (
yellow | 39 APM | 1815 actions | 46:44)
7 Dreadlord
3 Carrion Swarm
3 Vampiric Aura
1 Inferno
7 Death Knight
2 Death Coil
3 Unholy Aura
1 Death Pact
1 Animate Dead
5 Dark Ranger
2 Black Arrow
2 Life Drain
1 Silence
» actions
| Assign group hotkey | 21 | |
| Basic commands | 142 | |
| Build / train | 114 | |
| Enter build submenu | 46 | |
| Enter hero's abilities submenu | 18 | |
| Give item / drop item | 12 | |
| Remove unit from queue | 1 | |
| Right click | 358 | |
| Select / deselect | 527 | |
| Select group hotkey | 393 | |
| Use ability | 183 | |
1815 total
» units
| Acolyte | 14 | |
| Ghoul | 7 | |
| Gargoyle | 9 | |
| Goblin Zeppelin | 4 | |
| Obsidian Statue | 3 | |
| Frost Wyrm | 3 | |
| Goblin Shredder | 1 | |
| Goblin Sapper | 5 | |
| Meatwagon | 1 | |
47 total
» upgrades
| Cannibalize | 1 | |
| Creature Carapace | 3 | |
| Creature Attack | 3 | |
| Stone Form | 1 | |
| Ghoul Frenzy | 1 | |
| Destroyer Form | 1 | |
| Freezing Breath | 1 | |
| Disease Cloud | 1 | |
| Unholy Strength | 3 | |
| Unholy Armor | 3 | |
| Backpack | 1 | |
19 total
» buildings
| Crypt | 2 | |
| Ziggurat | 23 | |
| Altar of Darkness | 1 | |
| Halls of the Dead | 2 | |
| Graveyard | 2 | |
| Tomb of Relics | 3 | |
| Black Citadel | 1 | |
| Spirit Tower | 7 | |
| Sacrificial Pit | 2 | |
| Necropolis | 3 | |
| Slaughterhouse | 1 | |
| Boneyard | 3 | |
| Nerubian Tower | 1 | |
51 total
» build order
00:12 Crypt
00:15 Crypt
00:39 Ziggurat
00:58 Ziggurat
02:28 Altar of Darkness
03:12 Halls of the Dead
04:00 Ziggurat
04:18 Graveyard
04:28 Tomb of Relics
06:11 Black Citadel
07:49 Ziggurat
07:53 Ziggurat
07:57 Spirit Tower
07:59 Spirit Tower
10:58 Ziggurat
11:01 Ziggurat
11:06 Ziggurat
11:09 Ziggurat
13:17 Sacrificial Pit
13:33 Necropolis
13:37 Tomb of Relics
13:41 Ziggurat
13:45 Ziggurat
13:52 Slaughterhouse
16:02 Boneyard
16:06 Boneyard
16:09 Boneyard
18:33 Spirit Tower
23:52 Spirit Tower
23:59 Ziggurat
24:00 Halls of the Dead
24:04 Ziggurat
24:08 Sacrificial Pit
24:11 Ziggurat
26:15 Graveyard
27:54 Spirit Tower
32:02 Ziggurat
32:04 Ziggurat
32:07 Ziggurat
32:11 Ziggurat
32:14 Ziggurat
32:40 Necropolis
32:45 Tomb of Relics
32:48 Ziggurat
33:04 Spirit Tower
33:26 Necropolis
33:31 Ziggurat
33:36 Ziggurat
33:38 Ziggurat
33:43 Nerubian Tower
35:01 Spirit Tower
» items
| Rod of Necromancy | 2 | |
| Scroll of Town Portal | 3 | |
| Sacrificial Skull | 2 | |
| Orb of Corruption | 2 | |
| Scroll of Protection | 2 | |
| Book of the Dead | 1 | |
| Healing Wards | 1 | |
| Staff of Teleportation | 1 | |
14 total

»
kwok (
red | 36 APM | 1678 actions | 46:44)
7 Paladin
1 Holy Light
3 Devotion Aura
2 Divine Shield
1 Resurrection
5 Archmage
2 Summon Water Elemental
3 Brilliance Aura
5 Naga Sea Witch
2 Frost Arrows
3 Mana Shield
» actions
| Assign group hotkey | 34 | |
| Basic commands | 71 | |
| Build / train | 181 | |
| Enter build submenu | 46 | |
| Enter hero's abilities submenu | 17 | |
| Give item / drop item | 13 | |
| Remove unit from queue | 1 | |
| Right click | 280 | |
| Select / deselect | 494 | |
| Select group hotkey | 383 | |
| Use ability | 157 | |
1678 total
» units
| Peasant | 13 | |
| Footman | 3 | |
| Rifleman | 8 | |
| Goblin Shredder | 1 | |
| Flying Machine | 48 | |
| Goblin Zeppelin | 5 | |
| Priest | 2 | |
| Sorceress | 2 | |
| Mortar Team | 4 | |
| Dragonhawk Rider | 1 | |
| Gryphon Rider | 3 | |
| Knight | 2 | |
92 total
» upgrades
| Gunpowder | 3 | |
| Long Rifles | 1 | |
| Masonry | 3 | |
| Armor | 3 | |
| Flak Cannons | 1 | |
| Backpack | 1 | |
| Magic Sentry | 1 | |
| Priest Training | 2 | |
| Sorceress Training | 3 | |
| Plating | 3 | |
| Control Magic | 1 | |
| Flying Machine Bombs | 1 | |
| Swords | 3 | |
| Animal War Training | 1 | |
| Defend | 1 | |
| Fragmentation Shards | 1 | |
| Flare | 1 | |
| Barrage | 1 | |
| Storm Hammers | 1 | |
| Cloud | 1 | |
| Lumber Harvesting | 1 | |
34 total
» buildings
| Altar of Kings | 1 | |
| Farm | 17 | |
| Barracks | 2 | |
| Arcane Vault | 4 | |
| Blacksmith | 1 | |
| Keep | 1 | |
| Scout Tower | 23 | |
| Town Hall | 3 | |
| Lumber Mill | 1 | |
| Workshop | 1 | |
| Castle | 3 | |
| Guard Tower | 8 | |
| Cannon Tower | 5 | |
| Arcane Tower | 3 | |
| Arcane Sanctum | 2 | |
| Gryphon Aviary | 2 | |
77 total
» build order
00:06 Altar of Kings
00:18 Farm
00:52 Barracks
00:55 Barracks
01:01 Farm
01:37 Arcane Vault
02:00 Blacksmith
02:35 Farm
03:22 Farm
03:44 Keep
04:06 Farm
04:57 Farm
05:49 Scout Tower
06:27 Scout Tower
06:45 Town Hall
06:49 Arcane Vault
07:04 Lumber Mill
07:58 Workshop
08:47 Castle
08:48 Castle
09:45 Farm
09:53 Guard Tower
10:26 Scout Tower
10:29 Scout Tower
11:37 Scout Tower
11:40 Cannon Tower
11:42 Arcane Tower
13:16 Arcane Sanctum
14:30 Guard Tower
15:03 Arcane Sanctum
15:07 Farm
15:09 Farm
16:48 Scout Tower
16:50 Scout Tower
16:52 Scout Tower
16:53 Scout Tower
19:02 Guard Tower
19:05 Guard Tower
19:49 Farm
19:50 Scout Tower
20:12 Arcane Vault
20:21 Town Hall
21:05 Scout Tower
21:06 Guard Tower
22:55 Farm
22:55 Farm
22:56 Farm
23:11 Arcane Tower
23:12 Cannon Tower
24:47 Cannon Tower
25:14 Scout Tower
25:15 Scout Tower
28:08 Scout Tower
28:11 Guard Tower
29:53 Farm
29:55 Cannon Tower
31:01 Farm
31:04 Scout Tower
31:07 Scout Tower
31:08 Scout Tower
31:09 Scout Tower
35:09 Arcane Vault
35:16 Guard Tower
35:18 Farm
35:18 Farm
36:40 Scout Tower
36:43 Scout Tower
36:45 Scout Tower
36:48 Gryphon Aviary
40:20 Gryphon Aviary
42:38 Cannon Tower
42:41 Arcane Tower
42:48 Town Hall
45:52 Guard Tower
» items
| Lesser Clarity Potion | 2 | |
| Scroll of Regeneration | 1 | |
| Potion of Lesser Invulnerability | 2 | |
| Ankh of Reincarnation | 1 | |
| Boots of Speed | 1 | |
| Scroll of Protection | 1 | |
| Sobi Mask | 1 | |
| Potion of Greater Mana | 1 | |
| Scroll of Town Portal | 3 | |
| Orb of Fire | 1 | |
14 total

»
Luiszz (
green | 74 APM | 3454 actions | 46:44)
7 Paladin
2 Holy Light
3 Divine Shield
1 Resurrection
1 Devotion Aura
4 Blood Mage
2 Flame Strike
2 Siphon Mana
» actions
| Basic commands | 3 | |
| Build / train | 109 | |
| ESC pressed | 1 | |
| Enter build submenu | 33 | |
| Enter hero's abilities submenu | 11 | |
| Right click | 1872 | |
| Select / deselect | 1325 | |
| Use ability | 100 | |
3454 total
» units
| Peasant | 15 | |
| Footman | 3 | |
| Flying Machine | 8 | |
| Gryphon Rider | 6 | |
| Siege Engine | 11 | |
| Dragonhawk Rider | 1 | |
| Goblin Zeppelin | 6 | |
| Knight | 2 | |
52 total
» upgrades
| Masonry | 3 | |
| Lumber Harvesting | 2 | |
| Swords | 3 | |
| Armor | 2 | |
| Flak Cannons | 1 | |
| Gunpowder | 3 | |
| Barrage | 1 | |
| Plating | 3 | |
| Storm Hammers | 1 | |
| Cloud | 1 | |
| Animal War Training | 1 | |
21 total
» buildings
| Altar of Kings | 1 | |
| Farm | 11 | |
| Lumber Mill | 1 | |
| Arcane Vault | 1 | |
| Scout Tower | 7 | |
| Keep | 1 | |
| Guard Tower | 6 | |
| Barracks | 1 | |
| Blacksmith | 1 | |
| Castle | 1 | |
| Gryphon Aviary | 2 | |
| Workshop | 2 | |
| Town Hall | 1 | |
36 total
» build order
00:24 Altar of Kings
00:41 Farm
01:26 Lumber Mill
01:53 Farm
02:30 Arcane Vault
03:17 Scout Tower
03:28 Scout Tower
03:35 Scout Tower
03:36 Keep
03:45 Farm
03:50 Guard Tower
03:58 Barracks
04:02 Guard Tower
04:08 Scout Tower
04:10 Guard Tower
04:38 Guard Tower
05:05 Blacksmith
05:12 Scout Tower
05:37 Scout Tower
05:41 Scout Tower
05:46 Guard Tower
06:01 Castle
06:17 Guard Tower
06:26 Gryphon Aviary
07:14 Workshop
07:35 Gryphon Aviary
08:45 Farm
09:06 Farm
09:08 Farm
11:11 Farm
11:58 Farm
12:21 Town Hall
14:56 Workshop
17:45 Farm
17:47 Farm
17:50 Farm
» items
| Scroll of Regeneration | 6 | |
| Orb of Fire | 1 | |
| Scroll of Town Portal | 3 | |
| Potion of Healing | 1 | |
11 total

»
ROTS19 (
orange | 54 APM | 2504 actions | 46:45)
10 Death Knight
3 Death Coil
3 Unholy Aura
3 Death Pact
1 Animate Dead
» actions
| Assign group hotkey | 43 | |
| Basic commands | 45 | |
| Build / train | 98 | |
| ESC pressed | 6 | |
| Enter build submenu | 24 | |
| Enter hero's abilities submenu | 10 | |
| Right click | 795 | |
| Select / deselect | 924 | |
| Select group hotkey | 394 | |
| Use ability | 158 | |
2504 total
» units
| Acolyte | 7 | |
| Ghoul | 3 | |
| Crypt Fiend | 41 | |
| Goblin Zeppelin | 6 | |
57 total
» upgrades
| Creature Carapace | 3 | |
| Burrow | 1 | |
| Web | 1 | |
| Creature Attack | 3 | |
8 total
» buildings
| Crypt | 2 | |
| Altar of Darkness | 2 | |
| Ziggurat | 13 | |
| Graveyard | 1 | |
| Halls of the Dead | 1 | |
| Tomb of Relics | 1 | |
| Black Citadel | 1 | |
| Nerubian Tower | 3 | |
| Spirit Tower | 3 | |
27 total
» build order
00:09 Crypt
00:13 Altar of Darkness
00:19 Altar of Darkness
00:40 Crypt
00:59 Ziggurat
01:24 Graveyard
01:39 Ziggurat
03:01 Halls of the Dead
04:59 Tomb of Relics
06:40 Ziggurat
06:41 Ziggurat
06:59 Ziggurat
07:07 Black Citadel
13:33 Nerubian Tower
13:34 Spirit Tower
21:58 Ziggurat
22:00 Ziggurat
22:03 Ziggurat
23:57 Nerubian Tower
23:57 Spirit Tower
29:42 Ziggurat
29:42 Ziggurat
29:43 Ziggurat
29:44 Ziggurat
29:45 Ziggurat
32:11 Nerubian Tower
32:12 Spirit Tower
» items
| Potion of Healing | 3 | |
| Scroll of Town Portal | 7 | |
| Potion of Mana | 1 | |
| Orb of Corruption | 1 | |
12 total
team 2 (loser)

»
fromhell07 (
blue | 19 APM | 699 actions | 37:13)
5 Shadow Hunter
3 Serpent Ward
1 Healing Wave
1 Hex
» actions
| Build / train | 89 | |
| Enter build submenu | 20 | |
| Enter hero's abilities submenu | 4 | |
| Give item / drop item | 3 | |
| Right click | 301 | |
| Select / deselect | 227 | |
| Use ability | 55 | |
699 total
» units
| Peon | 8 | |
| Wind Rider | 61 | |
| Goblin Zeppelin | 1 | |
70 total
» upgrades
| Ranged Weapons | 3 | |
| Envenomed Spears | 1 | |
4 total
» buildings
| Altar of Storms | 1 | |
| Barracks | 1 | |
| Orc Burrow | 8 | |
| Stronghold | 1 | |
| Voodoo Lounge | 1 | |
| War Mill | 1 | |
| Beastiary | 2 | |
| Great Hall | 1 | |
| Fortress | 1 | |
| Boneyard | 1 | |
18 total
» build order
00:10 Altar of Storms
00:13 Barracks
00:20 Orc Burrow
03:57 Stronghold
04:04 Voodoo Lounge
04:08 Orc Burrow
05:12 War Mill
06:22 Beastiary
09:55 Orc Burrow
09:59 Orc Burrow
10:03 Orc Burrow
10:08 Orc Burrow
11:38 Beastiary
16:11 Orc Burrow
16:16 Orc Burrow
18:24 Great Hall
28:18 Fortress
34:43 Boneyard
» items
| Scroll of Town Portal | 5 | |
| Potion of Healing | 2 | |
7 total
Mr_Sophistry (
pink | 49 APM | 2281 actions | 46:44)
6 Shadow Hunter
2 Hex
3 Serpent Ward
1 Big Bad Voodoo
6 Firelord
3 Soul Burn
2 Incinerate
1 Volcano
5 Naga Sea Witch
2 Frost Arrows
3 Forked Lightning
» actions
| Assign group hotkey | 33 | |
| Basic commands | 57 | |
| Build / train | 113 | |
| ESC pressed | 6 | |
| Enter build submenu | 45 | |
| Enter hero's abilities submenu | 18 | |
| Give item / drop item | 12 | |
| Right click | 838 | |
| Select / deselect | 686 | |
| Select group hotkey | 251 | |
| Use ability | 222 | |
2281 total
» units
| Peon | 12 | |
| Troll Headhunter/Berserker | 14 | |
| Goblin Shredder | 1 | |
| Goblin Zeppelin | 4 | |
| Shaman | 4 | |
| Troll Witch Doctor | 5 | |
| Raider | 4 | |
| Grunt | 1 | |
| Goblin Sapper | 3 | |
48 total
» upgrades
| Ranged Weapons | 3 | |
| Troll Regeneration | 1 | |
| Berserker Upgrade | 1 | |
| Reinforced Defenses | 1 | |
| Armor | 3 | |
| Shaman Training | 2 | |
| Ensnare | 1 | |
| Witch Doctor Training | 3 | |
| Spirit Walker Training | 1 | |
| Melee Weapons | 2 | |
18 total
» buildings
| War Mill | 1 | |
| Orc Burrow | 6 | |
| Barracks | 1 | |
| Altar of Storms | 1 | |
| Voodoo Lounge | 1 | |
| Watch Tower | 28 | |
| Stronghold | 1 | |
| Fortress | 1 | |
| Great Hall | 3 | |
| Spirit Lodge | 2 | |
| Beastiary | 1 | |
46 total
» build order
00:18 War Mill
00:28 Orc Burrow
01:14 Barracks
01:25 Altar of Storms
02:07 Orc Burrow
02:10 Orc Burrow
02:22 Voodoo Lounge
02:41 Watch Tower
03:18 Watch Tower
03:25 Watch Tower
04:16 Stronghold
04:34 Watch Tower
05:14 Watch Tower
05:34 Orc Burrow
07:47 Fortress
08:12 Great Hall
08:16 Watch Tower
08:19 Watch Tower
08:21 Watch Tower
08:24 Watch Tower
08:49 Spirit Lodge
08:53 Spirit Lodge
09:56 Orc Burrow
10:01 Watch Tower
13:40 Beastiary
13:48 Watch Tower
15:27 Watch Tower
20:26 Great Hall
23:23 Watch Tower
25:09 Great Hall
25:13 Orc Burrow
27:54 Watch Tower
27:57 Watch Tower
29:07 Watch Tower
30:32 Watch Tower
34:41 Watch Tower
34:43 Watch Tower
34:50 Watch Tower
34:52 Watch Tower
34:55 Watch Tower
35:49 Watch Tower
35:51 Watch Tower
37:42 Watch Tower
37:43 Watch Tower
37:45 Watch Tower
37:47 Watch Tower
» items
| Healing Salve | 1 | |
| Lesser Clarity Potion | 1 | |
| Scroll of Speed | 1 | |
| Slippers of Agility +3 | 1 | |
| Potion of Invulnerability | 1 | |
| Mantle of Intelligence +3 | 2 | |
| Orb of Corruption | 1 | |
| Scroll of Healing | 5 | |
| Scroll of Town Portal | 4 | |
| Talisman of Evasion | 1 | |
| Robe of the Magi +6 | 1 | |
| Sobi Mask | 1 | |
| Pendant of Energy | 1 | |
| Boots of Speed | 1 | |
| Circlet of Nobility | 1 | |
| Tiny Great Hall | 1 | |
24 total
betrayer. (
purple | 40 APM | 1386 actions | 34:25)
5 Death Knight
3 Death Coil
2 Unholy Aura
» actions
| Build / train | 99 | |
| Enter build submenu | 28 | |
| Enter hero's abilities submenu | 5 | |
| Remove unit from queue | 7 | |
| Right click | 564 | |
| Select / deselect | 587 | |
| Use ability | 95 | |
1386 total
» units
| Acolyte | 24 | |
| Ghoul | 7 | |
| Goblin Shredder | 1 | |
| Gargoyle | 5 | |
| Frost Wyrm | 4 | |
| Goblin Zeppelin | 5 | |
| Crypt Fiend | 18 | |
64 total
» upgrades
| Creature Attack | 3 | |
| Creature Carapace | 3 | |
| Stone Form | 1 | |
| Freezing Breath | 1 | |
| Web | 1 | |
| Burrow | 1 | |
10 total
» buildings
| Ziggurat | 13 | |
| Crypt | 3 | |
| Graveyard | 1 | |
| Altar of Darkness | 1 | |
| Halls of the Dead | 1 | |
| Black Citadel | 1 | |
| Tomb of Relics | 1 | |
| Sacrificial Pit | 1 | |
| Boneyard | 3 | |
| Spirit Tower | 3 | |
| Necropolis | 3 | |
31 total
» build order
00:30 Ziggurat
00:32 Crypt
01:32 Crypt
01:38 Graveyard
01:42 Ziggurat
01:44 Ziggurat
03:07 Altar of Darkness
03:56 Halls of the Dead
06:29 Black Citadel
07:08 Tomb of Relics
08:40 Sacrificial Pit
10:00 Boneyard
10:02 Boneyard
10:08 Boneyard
11:44 Spirit Tower
13:45 Ziggurat
13:54 Ziggurat
14:43 Necropolis
15:30 Spirit Tower
16:54 Necropolis
18:18 Crypt
18:46 Ziggurat
18:46 Ziggurat
18:48 Ziggurat
18:51 Ziggurat
18:52 Ziggurat
21:26 Spirit Tower
22:56 Necropolis
28:18 Ziggurat
28:20 Ziggurat
28:22 Ziggurat
» items
| Scroll of Town Portal | 3 | |
| Potion of Lesser Invulnerability | 1 | |
| Scroll of Healing | 3 | |
| Scroll of Protection | 1 | |
| Orb of Corruption | 1 | |
| Potion of Healing | 1 | |
10 total

»
AQUILA_VIANA (
teal | 48 APM | 1916 actions | 40:02)
7 Death Knight
3 Death Coil
3 Unholy Aura
1 Animate Dead
3 Lich
2 Frost Armor
1 Frost Nova
» actions
| Assign group hotkey | 23 | |
| Basic commands | 54 | |
| Build / train | 70 | |
| ESC pressed | 4 | |
| Enter build submenu | 33 | |
| Enter hero's abilities submenu | 11 | |
| Give item / drop item | 5 | |
| Right click | 557 | |
| Select / deselect | 508 | |
| Select group hotkey | 557 | |
| Use ability | 94 | |
1916 total
» units
| Acolyte | 13 | |
| Ghoul | 4 | |
| Crypt Fiend | 4 | |
| Goblin Zeppelin | 5 | |
| Obsidian Statue | 5 | |
| Gargoyle | 4 | |
| Frost Wyrm | 4 | |
39 total
» upgrades
| Cannibalize | 1 | |
| Creature Attack | 3 | |
| Creature Carapace | 3 | |
| Web | 1 | |
| Destroyer Form | 1 | |
| Freezing Breath | 1 | |
10 total
» buildings
| Altar of Darkness | 1 | |
| Ziggurat | 12 | |
| Crypt | 2 | |
| Tomb of Relics | 1 | |
| Graveyard | 1 | |
| Halls of the Dead | 1 | |
| Black Citadel | 1 | |
| Slaughterhouse | 1 | |
| Sacrificial Pit | 1 | |
| Boneyard | 3 | |
| Spirit Tower | 1 | |
25 total
» build order
00:08 Altar of Darkness
00:11 Ziggurat
00:35 Crypt
01:34 Tomb of Relics
01:50 Graveyard
02:36 Crypt
03:46 Ziggurat
03:51 Ziggurat
04:35 Ziggurat
04:44 Ziggurat
08:02 Halls of the Dead
08:54 Ziggurat
08:55 Ziggurat
09:01 Ziggurat
09:03 Ziggurat
10:40 Black Citadel
13:57 Slaughterhouse
14:03 Sacrificial Pit
16:47 Boneyard
17:37 Boneyard
17:40 Boneyard
37:45 Ziggurat
37:46 Ziggurat
37:49 Ziggurat
38:45 Spirit Tower
» items
| Potion of Healing | 2 | |
| Potion of Mana | 2 | |
| Scroll of Town Portal | 1 | |
| Orb of Corruption | 1 | |
6 total
Chat log
(00:21 / Allies) FlintPINstitch: best map
(00:27 / Allies) ROTS19: i like it
(00:33 / Allies) kwok: haha
(00:36 / Allies) kwok: me too
(00:46 / All) ROTS19: So what map you guys got thumbs down?
(00:51 / Allies) FlintPINstitch: none
(00:53 / Allies) Luiszz: units?
(00:54 / Allies) ROTS19: same
(00:59 / All) Mr_Sophistry: none i guess
(04:30 / Allies) ROTS19: uhmmm.
(04:31 / Allies) ROTS19: that
(04:34 / Allies) ROTS19: was a bm harass
(04:36 / Allies) ROTS19: yep
(05:58 / All) ROTS19: nice scan
(06:03 / All) ROTS19: so you can say you aren't hacking
(06:04 / All) ROTS19: Lol
(08:25 / Allies) ROTS19: green gold please
(08:38 / Allies) ROTS19: i'll give wodo
(12:49 / Allies) ROTS19: im killing purp
(13:00 / Allies) ROTS19: or i'm not
(13:04 / Allies) ROTS19: he's makign wyrms though
(14:31 / Allies) ROTS19: red gold please
(15:01 / Allies) ROTS19: thank
(15:09 / Allies) ROTS19: i'll try to harass mroe
(19:45 / All) betrayer.: Orange good MH
(19:54 / All) ROTS19: thanks
(20:00 / All) betrayer.: noob
(21:39 / All) ROTS19: no really, I consider it a compliment if I'm told that I played as good as you would with cheats.
(21:51 / All) betrayer.: orange you MH
(21:54 / All) betrayer.: fuck noob
(21:57 / Allies) FlintPINstitch: I just raped blue so bad
(22:01 / Allies) ROTS19: nice
(23:18 / Allies) ROTS19: lol
(23:55 / All) betrayer.: tp
(24:00 / Allies) ROTS19: where
(24:03 / Allies) ROTS19: oh lol
(24:15 / Allies) ROTS19: guess i'm omw to pink guys
(24:46 / Allies) Luiszz: b
(25:22 / Allies) ROTS19: yeah
(25:23 / Allies) ROTS19: woops
(25:25 / Allies) ROTS19: didnt'r ealize you left
(26:32 / Allies) ROTS19: gonna need help
(26:33 / Allies) ROTS19: at green
(26:36 / Allies) ROTS19: green needs help
(26:38 / Allies) Luiszz: tp
(26:41 / Allies) ROTS19: now would be good
(26:45 / Allies) kwok: coming
(27:00 / Allies) FlintPINstitch: die
(27:17 / All) betrayer.: b
(27:25 / All) ROTS19: lol
(27:59 / Allies) kwok: get a shop pls
(28:23 / Allies) Luiszz: tx
(28:38 / Allies) Luiszz: tx
(30:06 / All) betrayer.: orange
(30:11 / All) betrayer.: noob mh
(30:17 / Allies) Luiszz: red
(30:27 / Allies) Luiszz: tx
(32:58 / Allies) Luiszz: tx
(33:11 / Allies) ROTS19: nothing i can do
(34:45 / All) ROTS19: he was really awful lol
(35:45 / Allies) Luiszz: repara
(35:54 / Allies) kwok: u took my mask
(35:56 / Allies) kwok: ;p
(36:02 / Allies) ROTS19: why did we never attack blues expo
(36:05 / Allies) ROTS19: when it was right next to red
(36:05 / Allies) ROTS19: lol
(36:53 / All) ROTS19: hmm
(36:58 / All) Mr_Sophistry: SENTRY WARD
(37:01 / All) ROTS19: yeah
(37:02 / All) ROTS19: I jknow
(37:16 / All) ROTS19: I'm not a total retard like purp oll
(40:31 / All) ROTS19: well
(40:34 / All) ROTS19: I guess that's gg then
(40:35 / All) ROTS19: Pink wins
(40:40 / All) kwok: not yet
(40:42 / Allies) kwok: hehe
(41:07 / Allies) ROTS19: anyone have wood by the way?
(41:12 / Allies) ROTS19: i'm all out
(41:21 / Allies) ROTS19: thanks
(41:57 / Allies) FlintPINstitch: I owned a lot of shit this game whole map is cleared basically
(42:04 / Allies) ROTS19: cool
(44:44 / All) Mr_Sophistry: im at 8 o clock
(44:47 / All) Mr_Sophistry: ;ast bas
(44:50 / All) Mr_Sophistry: last base *